 Dungeon Crawl Stone Soup version 0.30-a0-715-gdb4ae3ece1 (webtiles) character file.

Game seed: 4809499535863832242

10513 Darius099 the Fighter (level 11, -3/73 HPs)
             Began as a Gargoyle Fighter on Jan 23, 2023.
             Was a High Priest of Okawaru.
             Shot with an arrow by a centaur warrior (14 damage)
             ... on level 11 of the Dungeon.
             The game lasted 00:26:54 (8339 turns).

Darius099 the Fighter (Gargoyle Fighter)            Turns: 8339, Time: 00:26:54

Health: -3/73      AC: 19    Str: 23    XL:     11   Next: 63%
Magic:  11/11      EV:  6    Int:  8    God:    Okawaru [*****.]
Gold:   690        SH: 11    Dex: 11    Spells: 10/10 levels left

rFire   + . .      SeeInvis .    E - +2 morningstar (flame)
rCold   . . .      Faith    .    l - +0 kite shield
rNeg    + . .      Spirit   .    p - +0 plate armour
rPois   ∞          Reflect  .    A - +0 helmet
rElec   +          Harm     .    r - +1 cloak
rCorr   .          Rampage  .    j - +2 pair of gloves
Will    .....                    (no boots) Stlth
                                 (no amulet)
HPRegen 0.32/turn                m - ring of protection from fire
MPRegen 0.12/turn                u - +4 ring of slaying

@: corroded
A: sickness immunity, AC +8, negative energy resistance 1, electricity
resistance, torment resistance 1, petrification resistance, sense surroundings
1, shaggy fur 1
a: Renounce Religion, Heroism, Finesse, Duel


You were on level 11 of the Dungeon.
You worshipped Okawaru.
Okawaru was extremely pleased with you.
You visited 2 branches of the dungeon, and saw 12 of its levels.

You collected 690 gold pieces.

Inventory:

Hand Weapons
 c - a +1 whip of holy wrath
 E - a +2 morningstar of flaming (weapon)
Missiles
 I - a throwing net (quivered)
Armour
 j - a +2 pair of gloves (worn)
 l - a +0 kite shield (worn)
 p - a +0 plate armour (worn)
 r - a +1 cloak (worn)
 A - a +0 helmet (worn)
Jewellery
 i - a ring of protection from fire
 m - a ring of protection from fire (left hand)
 u - a +4 ring of slaying (right hand)
 w - a ring of protection from cold
 y - a ring of wizardry
Wands
 e - a wand of roots (6)
 v - a wand of charming (15)
 B - a wand of flame (13)
Scrolls
 a - 3 scrolls of amnesia
 f - 7 scrolls of teleportation
 q - a scroll of immolation
 t - 3 scrolls of fear
 x - a scroll of magic mapping
 F - a scroll of fog
 H - a scroll of vulnerability
Potions
 d - 2 potions of might
 g - 3 potions of haste
 h - 2 potions of heal wounds
 k - 4 potions of curing
 n - a potion of flight {unknown}
 o - 3 potions of magic
 s - a potion of ambrosia
 z - 6 potions of mutation
 C - a potion of cancellation {unknown}
 D - 2 potions of attraction
 G - 2 potions of berserk rage


   Skills:
 + Level 10.5 Fighting
 + Level 9.3 Maces & Flails
 + Level 10.5 Armour
 + Level 10.5 Shields


You had 10 spell levels left.
You didn't know any spells.
Your spell library contained the following spells:

 Spells                   Type           Power      Damage    Failure   Level
 Foxfire                  Conj/Fire      0%         2x1d4     100%        1
 Hailstorm                Conj/Ice       0%         3d3       100%        3
 Ice Form                 Ice/Tmut       0%         N/A       100%        4
 Fireball                 Conj/Fire      0%         3d3       100%        5
 Starburst                Conj/Fire      0%         6d3       100%        6
 Simulacrum               Ice/Necr       Unusable   N/A       N/A         6

Dungeon Overview and Level Annotations

Branches:
Dungeon (11/15)            Temple (1/1) D:7            Lair (0/5) D:8
    Orc: D:9-12

Altars:
Ashenzari
Cheibriados
Dithmenos
Elyvilon
Fedhas
Gozag
Hepliaklqana
Nemelex Xobeh
Okawaru
Qazlal
Ru
Trog
Uskayaw
Vehumet
Wu Jian
Xom
Yredelemnul

Shops:
D:3 [

Annotations:
D:11 Lodul


Innate Abilities, Weirdness & Mutations

You are immune to sickness and miasma.
Your stone body is resilient. (AC +8)
You are immune to poison.
You resist negative energy. (rN+)
You are resistant to electric shocks. (rElec)
You are resistant to unholy torment.
You are immune to petrification.
You passively map a small area around you.
You are covered in fur. (AC +1)


Message History

You hear a shout! x3; You hear an angry buzzing noise.
You hear a shout! x4
You hear a roar!
You hear a shout! x2; You hear an angry buzzing noise.
The acid dragon spits acid at you. The splash of acid hits you!!
The acid corrodes you!
You hear an angry hiss.
You hear a shout!
An ogre comes into view. It is wielding a +0 giant club.
The ogre shouts!
The centaur warrior wields a +0 shortbow.
The centaur warrior shoots an arrow.
The arrow hits you!
An ogre comes into view. It is wielding a +0 giant club.
The ogre shouts!
The centaur warrior shoots an arrow.
The arrow hits you!
* * * LOW HITPOINT WARNING * * *
An ogre comes into view. It is wielding a +0 giant club.
The centaur warrior shoots an arrow.
You block the arrow.
The howler monkey hoots and howls with incredible vigour!
The centaur warrior shoots an arrow.
The arrow hits you but does no damage.
You feel much better.
The centaur warrior shoots an arrow.
The arrow hits you!
Blink to where?
Press: ? - help, Dir - move target
As you read the scroll of blinking, it crumbles to dust.
Lodul the Thundrous comes into view.
He is wielding a +0 dire flail.
Lodul shouts!
The centaur warrior shoots an arrow.
The arrow hits you.
A boulder beetle comes into view.
The centaur warrior shoots an arrow.
The arrow hits you.
* * * LOW HITPOINT WARNING * * *
The centaur warrior shoots an arrow.
You block the arrow.
The centaur warrior shoots an arrow.
You block the arrow.
Lodul says, "Productive ogre is happy ogre."
The centaur warrior shoots an arrow.
You block the arrow.
The centaur warrior shoots an arrow.
The arrow barely misses you.
You hear a shout!
The centaur warrior shoots an arrow.
The arrow hits you!
* * * LOW HITPOINT WARNING * * *
You hear a shout!
The centaur warrior shoots an arrow.
You block the arrow.
The centaur warrior shoots an arrow.
You block the arrow.
The centaur warrior shoots an arrow.
The arrow hits you!
You die...

##..c.##.....###. ** *
#................ ,
##.O.......##..## ,
##.......####... ,
#####...#####...# ,
#.......####..## ##* ,.. < ,
.......#.#.....##.####.. ....
.......#Oc......#...#..#......
...#..#.........@......#.........
...##.#..........................
######.........................<.
##.......##......#..........
###.....##.........?.......
###.....).......#.....#
#.............#)...#
#..........#...)<# *
#..........##...## *


You could see a centaur warrior.

Vanquished Creatures
  Snorg (D:10)
  4 two-headed ogres
  A manticore (D:11)
  Psyche (D:11)
  A komodo dragon (D:11)
  2 wyverns
  2 vampires
  A wraith (D:10)
  12 yaks
  A steam dragon (D:5)
  3 water moccasins
  3 orc warriors
  An ice beast (D:7)
  2 sky beasts
  An ogre (D:5)
  3 centaurs
  A phantom (D:5)
  4 bullfrogs
  6 scorpions
  3 necrophages
  10 wights
  7 killer bees
  3 howler monkeys
  A hound (D:5)
  2 jellies
  A gnoll bouda (D:7)
  7 orc priests
  5 iguanas
  12 orc wizards
  6 gnolls
  7 adders
  A white imp (D:6)
  An ufetubus (D:5)
  3 worms (D:2)
  A dart slug (D:3)
  29 orcs
  5 endoplasms
  6 giant cockroaches
  6 goblins
  3 hobgoblins
  3 jackals (D:2)
  18 kobolds
  4 quokkas
  6 ball pythons
  7 bats
  9 frilled lizards
  6 rats
222 creatures vanquished.

Vanquished Creatures (others)
  5 plants (D:5)
5 creatures vanquished.

Grand Total: 227 creatures vanquished

Notes
Turn   | Place    | Note
-------+----------+-------------------------------------------
     0 | D:1      | Darius099 the Gargoyle Fighter began the quest for the Orb.
     0 | D:1      | Reached XP level 1. HP: 14/14 MP: 1/1
   224 | D:1      | Reached XP level 2. HP: 14/19 MP: 2/2
   813 | D:2      | Reached XP level 3. HP: 21/23 MP: 3/3
  1187 | D:2      | Reached XP level 4. HP: 20/29 MP: 4/4
  1482 | D:3      | Found a stormy altar of Qazlal.
  1671 | D:3      | Found Vixaca's Armour Shop.
  1691 | D:3      | Identified the +0 robe "Edelo" {Rampage rF+ rC- Int+7}
  1798 | D:3      | Found a sacrificial altar of Ru.
  1801 | D:3      | Reached XP level 5. HP: 33/33 MP: 5/5
  1857 | D:3      | Gained mutation: You passively map a small area around you.
                  | [potion of mutation]
  1857 | D:3      | Gained mutation: You are covered in fur. (AC +1) [potion of
                  | mutation]
  2130 | D:4      | Reached XP level 6. HP: 39/39 MP: 6/6
  2877 | D:5      | Entered Level 5 of the Dungeon
  2877 | D:5      | Noticed a steam dragon
  3092 | D:5      | Reached skill level 5 in Fighting
  3092 | D:5      | Reached skill level 5 in Armour
  3092 | D:5      | Reached skill level 5 in Shields
  3092 | D:5      | Reached XP level 7. HP: 42/44 MP: 7/7
  3191 | D:5      | Killed a steam dragon
  3273 | D:5      | Reached XP level 8. HP: 30/51 MP: 8/8
  3814 | D:5      | Reached skill level 5 in Maces & Flails
  4117 | D:6      | Reached XP level 9. HP: 52/56 MP: 9/9
  4237 | D:6      | Found a shimmering altar of Xom.
  4570 | D:7      | Found a staircase to the Ecumenical Temple.
  4580 | Temple   | Entered the Ecumenical Temple
  4595 | Temple   | Became a worshipper of Warmaster Okawaru
  5095 | D:7      | Reached * piety under Okawaru
  5590 | D:7      | Reached ** piety under Okawaru
  5591 | D:7      | Reached XP level 10. HP: 58/64 MP: 10/10
  5816 | D:8      | Found a staircase to the Lair.
  6125 | D:8      | Found an ornate altar of the Wu Jian Council.
  6247 | D:8      | Reached *** piety under Okawaru
  6570 | D:9      | Noticed a two-headed ogre
  6578 | D:9      | Killed a two-headed ogre
  6627 | D:9      | Noticed a two-headed ogre
  6637 | D:9      | Killed a two-headed ogre
  6637 | D:9      | Reached **** piety under Okawaru
  6638 | D:9      | Reached XP level 11. HP: 66/72 MP: 11/11
  7020 | D:10     | Entered Level 10 of the Dungeon
  7020 | D:10     | Found a hide-covered altar of Uskayaw.
  7029 | D:10     | Found a blossoming altar of Fedhas.
  7070 | D:10     | Noticed a two-headed ogre
  7078 | D:10     | Killed a two-headed ogre
  7119 | D:10     | Reached skill level 10 in Fighting
  7119 | D:10     | Reached skill level 10 in Shields
  7199 | D:10     | Reached skill level 10 in Armour
  7239 | D:10     | Noticed a two-headed ogre
  7249 | D:10     | Killed a two-headed ogre
  7249 | D:10     | Reached ***** piety under Okawaru
  7479 | D:10     | Found a bloodstained altar of Trog.
  7479 | D:10     | Found a sparkling altar of Nemelex Xobeh.
  7506 | D:10     | Noticed Snorg
  7547 | D:10     | Killed Snorg
  7861 | D:11     | Noticed Psyche
  7891 | D:11     | Killed Psyche
  8000 | D:11     | Noticed a manticore
  8012 | D:11     | Killed a manticore
  8291 | D:11     | Noticed a boulder beetle
  8292 | D:11     | Noticed a boulder beetle
  8292 | D:11     | Noticed a centaur warrior
  8292 | D:11     | Noticed a fire dragon
  8301 | D:11     | Noticed a two-headed ogre
  8301 | D:11     | Noticed a cyclops
  8301 | D:11     | Noticed a two-headed ogre
  8302 | D:11     | Noticed a boulder beetle
  8302 | D:11     | Noticed a five-headed hydra
  8302 | D:11     | Noticed a two-headed ogre
  8324 | D:11     | Noticed Lodul
  8327 | D:11     | Noticed a boulder beetle
  8339 | D:11     | Shot with an arrow by a centaur warrior

Illustrated notes

Levels and vault maps discovered:
D:1:      dpeg_arrival_line_fractal, layout_basic
D:2:      layout_rooms, minmay_tripent
D:3:      layout_rooms, nicolae_ru_sacrificial_ziggurat, grunt_qazlal_clouds,
          serial_shops, nicolae_shop_waterfront
D:4:      layout_cave_pools, minmay_misc_feat_tiny,
          corexii_item_surrounded_by_moat, eino_tiny_chamber
D:5:      layout_loops_cross, serial_bayou_pond_d, minmay_misc_feat_cross,
          minmay_lizard_king
D:6:      layout_rooms, mainiacjoe_overflow_brackets
D:7:      layout_basic, minmay_temple_entry_statues_pillars, nicolae_titane
D:8:      cheibrodos_quashed, layout_basic, nicolae_wu_jian_immortal_techniques,
          lair_entry_dummy
D:9:      layout_rooms
D:10:     nicolae_hitomezashi [nicolae_hito_row, nicolae_hito_row,
          nicolae_hito_row, nicolae_hito_row, nicolae_hito_row,
          nicolae_hito_row, nicolae_hito_row, nicolae_hito_row,
          nicolae_hito_row, nicolae_hito_row, nicolae_hito_row,
          nicolae_hito_row, nicolae_hito_row, nicolae_hito_row,
          nicolae_hito_row, nicolae_hito_row, nicolae_hito_row,
          nicolae_hito_row], layout_basic, gammafunk_temple_overflow_statue,
          chequers_temple_overflow_statue_of_worship, uniq_snorg
D:11:     minmay_the_grid_square_5x5_5x5_mashed
          [minmay_the_grid_square_5x5_sharp_hourglass,
          minmay_the_grid_square_5x5_spiral_small,
          minmay_the_grid_square_5x5_checkered,
          minmay_the_grid_square_5x5_hourglass,
          minmay_the_grid_square_5x5_intrusive_squares,
          minmay_the_grid_square_5x5_almost_minimal,
          minmay_the_grid_square_5x5_prize_itemx,
          minmay_the_grid_square_5x5_meh, minmay_the_grid_square_5x5_prize_gold,
          minmay_the_grid_square_5x5_spiral,
          minmay_the_grid_square_5x5_eight_small,
          minmay_the_grid_square_5x5_fat_x,
          minmay_the_grid_square_5x5_prize_open,
          minmay_the_grid_square_5x5_gyroscope, minmay_the_grid_square_5x5_tie,
          minmay_the_grid_square_5x5_checkered_statues,
          minmay_the_grid_square_5x5_prize_open,
          minmay_the_grid_square_5x5_corner,
          minmay_the_grid_square_5x5_prize_pseudospiral,
          minmay_the_grid_square_5x5_inner_z, minmay_the_grid_square_5x5_comb,
          minmay_the_grid_square_5x5_two, minmay_the_grid_square_5x5_tri_point,
          minmay_the_grid_square_5x5_percent, minmay_the_grid_square_5x5_three],
          layout_cave_pools, uniq_lodul, uniq_psyche
Temple:   zaba_magenta_temple

Skill      XL: |  1  2  3  4  5  6  7  8  9 10 11 |
---------------+----------------------------------+-----
Armour         | 4 5 6 8 9 10 | 10.5
Fighting       | 4 5 6 8 9 10 | 10.5
Shields        | 4 5 6 8 9 10 | 10.5
Maces & Flails | 3 4 5 7 8 9 |  9.3

Action                     |  1- 3 |  4- 6 |  7- 9 | 10-12 || total
---------------------------+-------+-------+-------+-------++-------
  Melee: Flail             |   170 |   125 |       |       ||   295
         Whip              |       |   120 |   250 |       ||   370
         Morningstar       |       |       |    44 |   208 ||   252
         Unarmed           |       |       |       |    17 ||    17
 Invoke: Heroism           |       |       |       |     1 ||     1
    Use: Scroll            |       |     8 |     9 |     6 ||    23
         Potion            |       |     1 |       |     3 ||     4
 Armour: Scale mail        |   142 |   110 |       |       ||   252
         Plate armour      |       |    57 |   263 |   184 ||   504
         Skin              |       |       |       |     4 ||     4
  Dodge: Dodged            |   133 |    99 |    81 |    53 ||   366
  Block: Buckler           |    42 |       |       |       ||    42
         Kite shield       |    34 |   146 |   196 |   145 ||   521

Table legend: (Time is in decaauts)
 A = Elapsed time spent in this place.
 B = Non-inter-level travel time spent in this place.
 C = Inter-level travel time spent in this place.
 D = Time resting spent in this place.
 E = Time spent auto-exploring this place.
 F = Levels seen in this place.
 G = Mean time per level.
                   A        B        C        D        E       F      G
               +--------+--------+--------+--------+--------+-----+--------+
         Total |   8511 |   8280 |    231 |   1200 |   4006 |  12 |  709.2 |
       Dungeon |   8480 |   8249 |    231 |   1200 |   4000 |  11 |  770.9 |
        Temple |     30 |     30 |      0 |      0 |      6 |   1 |   30.0 |
               +--------+--------+--------+--------+--------+-----+--------+

Top non-repeatable levels by time:
     D:7: 1038 daAuts
     D:5: 992 daAuts
     D:3: 902 daAuts
     D:8: 881 daAuts
    D:10: 804 daAuts
     D:2: 771 daAuts
     D:1: 753 daAuts
     D:6: 652 daAuts
     D:4: 592 daAuts
     D:9: 572 daAuts
    D:11: 519 daAuts
  Temple: 30 daAuts
